 Dungeon Crawl Stone Soup version 0.21.1-1-g345015f (webtiles) character file.

1632 glosham the Fighter (level 9, -3/63 HPs)
             Began as a Kobold Artificer on May 10, 2018.
             Was a Priest of Okawaru.
             Slain by an orc warrior
             ... wielding a +0 short sword
              (13 damage)
             ... on level 7 of the Dungeon on May 12, 2018.
             The game lasted 01:15:23 (4045 turns).

glosham the Fighter (Kobold Artificer)              Turns: 4045, Time: 01:15:24

Health: -3/63      AC: 16    Str: 12    XL:     9   Next: 18%
Magic:  11/11      EV: 16    Int: 12    God:    Okawaru [***...]
Gold:   382        SH:  0    Dex: 16    Spells: 8/8 levels left

rFire    + + .     SeeInvis .   a - +2 short sword (flame)
rCold    + + .     Gourm    .   (shield restricted)
rNeg     . . .     Faith    .   X - +2 scale mail {rF+}
rPois    +         Spirit   .   U - +1 helmet
rElec    +         Reflect  .   (no cloak)
rCorr    +         Harm     .   V - +2 pair of gloves
MR       .....                  (no boots)
Stlth    ..........             (no amulet)
HPRegen  0.20/turn              A - ring of protection from cold
MPRegen  0.12/turn              (no ring)

@: confused, resistant, heroism
A: small, carnivore
a: Heroism, Renounce Religion


You were on level 7 of the Dungeon.
You worshipped Okawaru.
Okawaru was most pleased with you.
You were completely stuffed.

You visited 2 branches of the dungeon, and saw 8 of its levels.

You collected 382 gold pieces.

Inventory:

Hand Weapons
 a - a +2 short sword of flaming (weapon)
 b - a +1 dagger of flaming
 c - a +0 blowgun
 d - a +0 flail of holy wrath
 f - a +1 short sword of protection
 w - a +0 hunting sling
 F - a +0 rapier
Missiles
 s - 57 bolts
 x - 6 poisoned needles
 C - 88 sling bullets
 D - 2 tomahawks (quivered)
Armour
 j - a +0 robe
 v - a +0 robe
 U - a +1 helmet (worn)
 V - a +2 pair of gloves (worn)
 X - a +2 scale mail of fire resistance (worn)
Jewellery
 A - a ring of protection from cold (left hand)
Wands
 g - a wand of digging (12)
Scrolls
 h - 6 scrolls of remove curse
 n - 3 scrolls of enchant weapon
 u - a scroll of fear
 z - 2 scrolls of teleportation
Potions
 i - 3 potions of might
 k - a potion of lignification
 l - a potion of brilliance
 m - a potion of cancellation
 o - 2 potions of curing
 p - a potion of ambrosia
 r - 5 potions of magic
 E - a potion of invisibility
Comestibles
 e - 8 rations
 t - 3 chunks of flesh


   Skills:
 * Level 10.6(15.6) Fighting
 - Level 1.3(6.3) Short Blades
 - Level 4.0(9.0) Armour
 - Level 2.4(7.4) Dodging
 - Level 1.3(6.3) Stealth
 - Level 3.6 Evocations


You had 8 spell levels left.
You didn't know any spells.

Dungeon Overview and Level Annotations

Branches:
Dungeon (6/15)             Temple (1/1) D:4

Altars:
Cheibriados
Elyvilon
Fedhas
Gozag
Makhleb
Nemelex Xobeh
Okawaru
Qazlal
Yredelemnul
Zin

Shops:
D:7 ([


Innate Abilities, Weirdness & Mutations

You are small and have problems with some larger weapons.
You are carnivorous and can eat meat at any time.


Message History

You hit the worker ant. You burn the worker ant.
You kill the worker ant!
Okawaru accepts your kill.
Things that are here:
a club; a ring mail; a worker ant corpse The worker ant twitches its antennae in your direction.
The orc warrior hits you with a short sword.
You hit the orc warrior but do no damage.
The orc warrior is severely wounded.
The orc warrior misses you.
The orc wizard gestures wildly while chanting.
The orc wizard flickers and vanishes!
Your scale mail prevents you from hitting the orc warrior.
The orc warrior is severely wounded.
The orc warrior hits you with a short sword!
* * * LOW HITPOINT WARNING * * *
You hit the orc warrior. You burn the orc warrior.
The orc warrior is almost dead.
The orc warrior completely misses you.
You hit the orc warrior but do no damage.
The orc warrior is almost dead.
The orc warrior hits you but does no damage.
You hit the orc warrior but do no damage.
The orc warrior is almost dead.
The orc warrior hits you with a short sword.
* * * LOW HITPOINT WARNING * * *
You gain the combat prowess of a mighty hero.
The orc warrior hits you with a short sword.
* * * LOW HITPOINT WARNING * * *
You are confused.
You feel invigorated. The orc warrior misses you.
Unknown command.
You miss the orc warrior.
The orc warrior is almost dead.
The orc warrior hits you with a short sword.
* * * LOW HITPOINT WARNING * * *
You hit the orc warrior but do no damage.
The orc warrior is almost dead.
The orc warrior hits you with a short sword!
You die...

##......).....#
##....#
.#.......a...## ##>#
..o...o......# ##)##
.......o....## ##.##
o...........# ##.##
..........l## ##.##
............# ##.##
...........(#####.##
............o{ao@.#
..........######..#
....####### #..#
..### ##.# ..# #.#
.## #.. .# #..# ##
..#


You could see an orc warrior, a worker ant and an orc.

Vanquished Creatures
  A troll (D:6)
  A hippogriff (D:7)
  A spriggan (D:7)
  An ogre (D:6)
  2 centaurs
  A bullfrog (D:7)
  2 scorpions
  A water moccasin zombie (D:5)
  A quasit (D:7)
  A jelly (D:7)
  3 orc priests
  6 orc wizards
  3 iguanas
  A bullfrog skeleton (D:7)
  4 worker ants
  3 adders
  A shadow imp (D:5)
  An ooze (D:4)
  A worm (D:3)
  2 dart slugs
  4 leopard geckos
  18 orcs
  4 ball pythons
  3 giant cockroaches
  11 goblins
  11 hobgoblins
  5 jackals
  3 quokkas
  5 bats
  3 frilled lizards
  A jackal skeleton (D:4)
  12 kobolds
  A quokka zombie (D:5)
  5 rats
123 creatures vanquished.

Vanquished Creatures (collateral kills)
  A howler monkey (D:4)
  A hound zombie (D:7)
  An ooze (D:2)
  2 worms (D:2)
  An orc (D:4)
6 creatures vanquished.

Vanquished Creatures (others)
  3 adders
  A leopard gecko (D:4)
4 creatures vanquished.

Grand Total: 133 creatures vanquished

Notes
Turn   | Place    | Note
-------+----------+-------------------------------------------
     0 | D:1      | glosham the Kobold Artificer began the quest for the Orb.
     0 | D:1      | Reached XP level 1. HP: 12/12 MP: 3/3
   198 | D:2      | Reached skill level 2 in Fighting
   198 | D:2      | Reached XP level 2. HP: 10/17 MP: 4/4
   559 | D:2      | Reached skill level 3 in Fighting
   559 | D:2      | Reached XP level 3. HP: 11/23 MP: 5/5
  1006 | D:1      | Reached XP level 4. HP: 14/29 MP: 6/6
  1157 | D:1      | Reached skill level 4 in Fighting
  1522 | D:4      | Reached skill level 1 in Armour
  1533 | D:4      | Reached XP level 5. HP: 8/33 MP: 7/7
  1621 | D:4      | Reached skill level 2 in Armour
  1665 | D:4      | Reached skill level 3 in Armour
  1674 | D:4      | Reached XP level 6. HP: 24/38 MP: 8/8
  1713 | D:4      | Found a burning altar of Makhleb.
  1853 | D:4      | Found a staircase to the Ecumenical Temple.
  1866 | Temple   | Entered the Ecumenical Temple
  1882 | Temple   | Became a worshipper of Warmaster Okawaru
  2115 | D:3      | Reached skill level 4 in Armour
  2506 | D:4      | Reached XP level 7. HP: 22/44 MP: 9/9
  2779 | D:5      | Entered Level 5 of the Dungeon
  2939 | D:5      | Reached skill level 5 in Fighting
  3213 | D:5      | Reached skill level 6 in Fighting
  3326 | D:5      | Reached * piety under Okawaru
  3355 | D:5      | HP: 4/47 [poisoned by a worker ant]
  3363 | D:5      | HP: 4/47 [poisoned by a worker ant]
  3647 | D:6      | Reached skill level 7 in Fighting
  3647 | D:6      | Reached XP level 8. HP: 52/53 MP: 10/10
  3711 | D:6      | Noticed a troll
  3739 | D:6      | Killed a troll
  3739 | D:6      | Reached skill level 8 in Fighting
  3772 | D:6      | You fall through a shaft!
  3772 | D:7      | Noticed a hippogriff
  3792 | D:7      | Found a glowing silver altar of Zin.
  3800 | D:7      | Killed a hippogriff
  3800 | D:7      | Reached ** piety under Okawaru
  3800 | D:7      | Reached skill level 9 in Fighting
  3809 | D:7      | Noticed a spriggan baker
  3812 | D:7      | Killed a spriggan baker
  3832 | D:7      | Found Qysetekupt's Armour Boutique.
  3833 | D:7      | Found Bemnaan's Weapon Shop.
  3905 | D:7      | Reached XP level 9. HP: 26/62 MP: 11/11
  3918 | D:7      | Reached skill level 10 in Fighting
  3980 | D:7      | Reached *** piety under Okawaru
  4042 | D:7      | HP: 3/63 [orc warrior/short sword (6)]
  4045 | D:7      | Slain by an orc warrior

Skill      XL: |  1  2  3  4  5  6  7  8  9 |
---------------+----------------------------+-----
Fighting       | 2 3 4 7 9 10 | 10.6
Armour         | 1 3 4 |  4.0
Short Blades   | |  1.3
Dodging        | |  2.4
Stealth        | |  1.3
Evocations     | |  3.6

Action                   |  1- 3 |  4- 6 |  7- 9 || total
-------------------------+-------+-------+-------++-------
Melee: Mace              |   115 |    17 |       ||   132
       Short sword       |    12 |   156 |   178 ||   346
       Flail             |       |       |     7 ||     7
 Fire: Blowgun           |       |     3 |       ||     3
       Hunting sling     |       |       |     6 ||     6
Invok: Heroism           |       |       |     2 ||     2
Evoke: Wand              |    10 |    23 |    18 ||    51
  Use: Scroll            |       |    14 |     6 ||    20
       Potion            |       |       |     3 ||     3
 Stab: Sleeping          |     1 |       |       ||     1
  Eat: Chunk             |     9 |     5 |     5 ||    19
Armor: Ring mail         |    21 |       |       ||    21
       Leather armour    |     3 |       |       ||     3
       Scale mail        |    24 |    57 |    87 ||   168
Dodge: Dodged            |    84 |    94 |   121 ||   299

Table legend:
 A = Turns spent in this place as a percentage of turns spent in the entire game.
 B = Non-inter-level travel turns spent in this place as a percentage of non-inter-level travel turns spent in the entire game.
 C = Inter-level travel turns spent in this place as a percentage of turns spent in this place.
 D = Turns resting spent in this place as a percentage of non-inter-level travel turns spent in this place.
 E = Turns spent auto-exploring this place as a percentage of non-inter-level travel turns spent in this place.
 F = Non-inter-level travel turns spent in this place divided by the number of levels of this place that you've seen.
                   A       B       C       D       E      F
               +-------+-------+-------+-------+-------+----------------------
         Total | 100.0 | 100.0 |   1.4 |   0.4 |   2.9 | 498.5
       Dungeon |  99.2 |  99.2 |   1.4 |   0.4 |   2.9 | 565.3
        Temple |   0.8 |   0.8 |   0.0 |   0.0 |   0.0 |  31.0
               +-------+-------+-------+-------+-------+----------------------

Table legend:
 A = Kills in this place as a percentage of kills in entire the game.
 B = Kills by you in this place as a percentage of kills by you in the entire game.
 C = Kills by friends in this place as a percentage of kills by friends in the entire game.
 D = Other kills in this place as a percentage of other kills in the entire game.
 E = Experience gained in this place as a percentage of experience gained in the entire game.
 F = Experience gained in this place divided by the number of levels of this place that you have seen.
                   A       B       C       D       E      F
               +-------+-------+-------+-------+-------+----------------------
         Total | 100.0 | 100.0 | 100.0 |   N/A | 100.0 | 291.5
       Dungeon | 100.0 | 100.0 | 100.0 |   N/A | 100.0 | 333.1
               +-------+-------+-------+-------+-------+----------------------

Vault maps used:
D:1:      kilobyte_arrival_exit_the_forest
D:2:      minmay_vboxes
D:3:      first_ration
D:4:      minmay_temple_entry_mist, bloody_makhleb
D:7:      zin_statuary, serial_shops, shop_fountains, kennysheep_mini,
          nicolae_shop_crystal, the_bakery, uniq_duvessa, uniq_prince_ribbit1,
          uniq_joseph
Temple:   regret_index_temple_sigil_plot
